 Dungeon Crawl Stone Soup version 0.23.2-1-ga50397a (webtiles) character file.

Game seed: 6029751809261193111

15 Goblin1989 the Skirmisher (level 2, 0/24 HPs)
             Began as a Demonspawn Abyssal Knight on Apr 26, 2019.
             Was a Follower of Lugonu.
             Slain by a jackal (1 damage)
             ... on level 1 of the Dungeon.
             The game lasted 00:01:18 (659 turns).

Goblin1989 the Skirmisher (DsAK)                     Turns: 659, Time: 00:01:19

Health: 0/24       AC:  5    Str: 12    XL:     2   Next: 34%
Magic:  3/3        EV: 11    Int: 13    God:    Lugonu [*.....]
Gold:   0          SH:  0    Dex: 12    Spells: 1/1 levels left

rFire    . . .     SeeInvis .   i - +0 short sword
rCold    . . .     Gourm    .   (no shield)
rNeg     . . .     Faith    .   a - +0 leather armour
rPois    .         Spirit   .   (no helmet)
rElec    .         Reflect  .   (no cloak)
rCorr    .         Harm     .   (no gloves)
MR       .....                  (no boots)
Stlth    +.........             (no amulet)
HPRegen  0.08/turn              (no ring)
MPRegen  0.08/turn              (no ring)

@: no status effects
A: yellow scales 1
a: Depart the Abyss, Renounce Religion


You were on level 1 of the Dungeon.
You worshipped Lugonu.
Lugonu was aware of your devotion.
You were not hungry.

You visited 1 branch of the dungeon, and saw 1 of its levels.
You visited the Abyss 1 time.

Inventory:

Hand Weapons
 i - a +0 short sword (weapon)
Armour
 a - a +0 leather armour (worn)
Jewellery
 g - a +3 ring of strength {unknown}
 k - a +3 ring of intelligence {unknown}
Scrolls
 f - a scroll of identify {unknown}
Comestibles
 e - a ration
 j - a chunk of flesh


   Skills:
 - Level 3.0 Fighting
 * Level 1.8 Short Blades
 - Level 1.7 Armour
 - Level 0.8 Dodging
 - Level 1.8 Unarmed Combat
 - Level 2.4 Invocations


You had one spell level left.
You didn't know any spells.
Your spell library was empty.

Dungeon Overview and Level Annotations

Branches:
Dungeon (1/15)

Altars:


Innate Abilities, Weirdness & Mutations

You are partially covered in yellow scales. (AC +2)


Message History

The jackal bites you but does no damage.
You hit the jackal but do no damage.
The jackal is moderately wounded.
The jackal barely misses you.
The jackal bites you but does no damage.
You hit the jackal.
You kill the jackal!
Lugonu accepts your kill.
The jackal bites you but does no damage.
Some of the chunks of flesh in your inventory have rotted away.
You closely miss the jackal.
The jackal bites you but does no damage.
You closely miss the jackal. The jackal misses you.
You miss the jackal. The jackal bites you. The jackal misses you.
You take 1 damage, and have 20/24 hp.
You closely miss the jackal. The jackal barely misses you.
You barely miss the jackal. The jackal bites you. x2
You take 3 damage, and have 17/24 hp.
You hit the jackal but do no damage. The jackal completely misses you.
You hit the jackal but do no damage.
The jackal bites you but does no damage.
The jackal bites you.
You take 3 damage, and have 14/24 hp.
You are too injured to fight recklessly!
You are too injured to fight recklessly!
You are too injured to fight recklessly!
You are too injured to fight recklessly!
You are too injured to fight recklessly!
You are too injured to fight recklessly!
You are too injured to fight recklessly!
You are too injured to fight recklessly!
You are too injured to fight recklessly!
You are too injured to fight recklessly!
You are too injured to fight recklessly!
You are too injured to fight recklessly!
You are too injured to fight recklessly!
You are too injured to fight recklessly!
You are too injured to fight recklessly!
You are too injured to fight recklessly!
You are too injured to fight recklessly!
You are too injured to fight recklessly!
You are too injured to fight recklessly!
You are too injured to fight recklessly!
You are too injured to fight recklessly!
You are too injured to fight recklessly!
You are too injured to fight recklessly!
You are too injured to fight recklessly!
You are too injured to fight recklessly!
You hit the jackal.
The jackal is severely wounded.
The jackal barely misses you.
You barely miss the jackal. Your punch misses the jackal.
The jackal is heavily wounded.
The jackal bites you.
You take 2 damage, and have 12/24 hp.
You hit the jackal but do no damage.
The jackal is heavily wounded.
The jackal barely misses you.
The jackal bites you but does no damage.
You hit the jackal.
The jackal is almost dead.
The jackal bites you.
* * * LOW HITPOINT WARNING * * *
You take 2 damage, and have 10/24 hp.
You hit the jackal.
You kill the jackal!
Lugonu accepts your kill.
You closely miss the jackal. The jackal barely misses you.
The jackal bites you.
* * * LOW HITPOINT WARNING * * *
You take 1 damage, and have 9/24 hp.
You closely miss the jackal. The jackal barely misses you.
Your leather armour prevents you from hitting the jackal.
The jackal bites you.
* * * LOW HITPOINT WARNING * * *
You take 2 damage, and have 8/24 hp.
You barely miss the jackal.
The jackal bites you but does no damage. x2
You closely miss the jackal. The jackal misses you.
You closely miss the jackal. The jackal closely misses you.
The jackal misses you.
You hit the jackal but do no damage. The jackal bites you.
* * * LOW HITPOINT WARNING * * *
You take 3 damage, and have 5/24 hp.
You hit the jackal but do no damage. The jackal bites you.
* * * LOW HITPOINT WARNING * * *
The jackal barely misses you.
You take 1 damage, and have 4/24 hp.
You hit the jackal.
The jackal is heavily wounded.
The jackal closely misses you.
You hit the jackal.
The jackal is almost dead.
The jackal bites you.
* * * LOW HITPOINT WARNING * * *
You take 3 damage, and have 1/24 hp.
You hit the jackal but do no damage.
The jackal is almost dead.
The jackal bites you.
You die... █████ . █.█ █ .... █.█ █.██████████ █.█ █.█........ █.█ █.█.......█ █.█ █.█.......█ █h█ █.█......████ █h█

█.█......██..
█@█
█.█......██.█
█.█
█.██.........
█.█
█.██.█████..█
█.█ ██.█..█
█... █.█
█....██ █..█
█.███.████
██.. █.██..█
█)█ █.██.██
█.. █.█..█
███


You could see 2 jackals.

Vanquished Creatures
  A dart slug (D:1)
  A leopard gecko (D:1)
  A bat (D:1)
  2 goblins (D:1)
  2 jackals (D:1)
  3 kobolds (D:1)
  A rat (D:1)
11 creatures vanquished.

Notes
Turn   | Place    | Note
-------+----------+-------------------------------------------
     0 | Abyss:1  | Goblin1989 the Demonspawn Abyssal Knight began the quest
                  | for the Orb.
     0 | Abyss:1  | Reached XP level 1. HP: 18/18 MP: 2/2
    13 | D:1      | Escaped the Abyss
   408 | D:1      | Reached skill level 1 in Short Blades
   417 | D:1      | Gained mutation: You are partially covered in yellow
                  | scales. (AC +2) [demonic ancestry]
   417 | D:1      | Reached XP level 2. HP: 13/24 MP: 3/3
   658 | D:1      | HP: 1/24 [jackal (3)]
   659 | D:1      | Slain by a jackal

Skill      XL: |  1 |
---------------+----+-----
Short Blades   | 1 |  1.8
Fighting       | |  3.0
Armour         | |  1.7
Dodging        | |  0.8
Unarmed Combat | |  1.8
Invocations    | |  2.4

Action                   || total
-------------------------++-------
Melee: Short sword       ||    52
       Dagger            ||    11
       Unarmed           ||    11
Armor: Leather armour    ||    18
Dodge: Dodged            ||    38

Levels and vault maps discovered:
D:1:      ncdulo_lavacross, layout_rooms, serial_co_window_serial,
          co_window_paths_b, co_window_of_opportunity_a, co_window_corner_a,
          co_window_of_opportunity_a, co_window_paths_a, co_window_cross_1,
          co_window_paths_b, co_window_corner_b, co_window_corner_b,
          co_window_corner_b, co_window_broadway_b, co_window_corner_cb,
          glass_columns_b, glass_columns_a, glass_columns_c, glass_columns_a
Abyss:1
